 Dungeon Crawl Stone Soup version 0.24-a0-284-g9fb9971 (webtiles) character file.

Game seed: 1482616144731803375

34 mhoghedin the Charmwright (level 3, -2/29 HPs)
             Began as a Demigod Skald on May 5, 2019.
             Slain by Sigmund
             ... wielding a +0 scythe
              (9 damage)
             ... on level 2 of the Dungeon.
             The game lasted 00:02:24 (1009 turns).

mhoghedin the Charmwright (Demigod Skald)           Turns: 1009, Time: 00:02:25

Health: -2/29      AC:  3    Str: 21    XL:     3   Next: 1%
Magic:  4/8        EV: 12    Int: 17    God:
Gold:   85         SH:  0    Dex: 15    Spells: 2/5 levels left

rFire    . . .     SeeInvis .   a - +0 spear
rCold    . . .     Gourm    .   (no shield)
rNeg     . . .     Faith    .   b - +0 leather armour
rPois    .         Spirit   .   (no helmet)
rElec    .         Reflect  .   (no cloak)
rCorr    .         Harm     .   (no gloves)
MR       .....                  (no boots)
Stlth    +.........             (no amulet)
HPRegen  0.09/turn              (no ring)
MPRegen  0.11/turn              (no ring)

@: mighty, infused
A: high mp 1
a: no special abilities


You were on level 2 of the Dungeon.
You were hungry.

You visited 1 branch of the dungeon, and saw 2 of its levels.

You collected 85 gold pieces.

Inventory:

Hand Weapons
 a - a +0 spear (weapon)
Armour
 b - a +0 leather armour (worn)
 f - a +0 pair of boots
   (You found it on level 1 of the Dungeon)
Scrolls
 c - 2 scrolls of enchant armour {unknown}
 e - 3 scrolls of remove curse {unknown}
 g - a scroll of identify {unknown}
Comestibles
 d - 3 rations
 j - a chunk of flesh {@w0}


   Skills:
 + Level 2.3 Fighting
 + Level 2.2 Polearms
 - Level 1.4 Armour
 - Level 2.2 Dodging
 - Level 1.7 Spellcasting
 - Level 2.6 Charms


You had 2 spell levels left.
You knew the following spells:

 Your Spells              Type           Power        Failure   Level  Hunger
a - Infusion              Chrm           ##..         8%          1    #......
S - Song of Slaying       Chrm           ##......     12%         2    ###....

Your spell library contained the following spells:

 Spells                   Type           Power        Failure   Level  Hunger
 Shroud of Golubria       Chrm/Tloc      #.........   21%         2    ###....
 Regeneration             Chrm/Necr      #.........   36%         3    ###....
 Spectral Weapon          Hex/Chrm       #.......     36%         3    ###....


Dungeon Overview and Level Annotations

Branches:
Dungeon (2/15)

Annotations:
D:2 Sigmund


Innate Abilities, Weirdness & Mutations

You have an increased reservoir of magic. (+10% MP)


Message History

No target in view!
Unknown command.
There is a stone staircase leading up here.
Found a stone staircase leading down.
An adder comes into view.
You begin infusing your attacks with magical energy.
You now have 6/7 mp.
You miss the adder. The adder closely misses you.
You barely miss the adder. The adder bites you but does no damage.
The adder barely misses you.
You hit the adder! The adder bites you but does no damage.
You now have 5/7 mp.
You barely miss the adder. The adder completely misses you.
You miss the adder. The adder bites you but does no damage.
You hit the adder. The adder bites you. x2
You take 2 damage, and have 22/24 hp.
You now have 4/7 mp.
You closely miss the adder. The adder bites you but does no damage.
You barely miss the adder. The adder bites you.
You take 4 damage, and have 18/24 hp.
You miss the adder. The adder bites you.
You take 3 damage, and have 15/24 hp.
You closely miss the adder. The adder bites you. The adder closely misses you.
You take 3 damage, and have 12/24 hp.
You are too injured to fight recklessly!
You hit the adder. The adder bites you.
You take 1 damage, and have 11/24 hp.
You now have 4/7 mp.
You closely miss the adder.
Your magical infusion is running out.
The adder bites you.
You take 1 damage, and have 10/24 hp.
You hit the adder.
You kill the adder!
You now have 3/7 mp.
You see here an adder corpse.
You butcher the adder corpse.
j - a chunk of flesh {@w0} You see here an adder skeleton.
Memorise Song of Slaying, consuming 2 spell levels and leaving 1?
You start memorising the spell.
You continue memorising.
You are no longer magically infusing your attacks.
You continue memorising.
You finish memorising.
Spell assigned to 'S'.
You start resting.
Health restored: 24; MP restored: 7 Sigmund the Dreaded comes into view.
He is wielding a +0 scythe and wearing a +2 robe of positive energy.
Sigmund shouts!
A giant cockroach comes into view.
You begin infusing your attacks with magical energy.
You now have 6/7 mp.
Sigmund hits you from afar with a +0 scythe!
You take 9 damage, and have 15/24 hp.
MASSIVE DAMAGE!!
It was a potion of curing.
You feel better.
Sigmund hits you from afar with a +0 scythe!
You take 1 damage, and have 14/24 hp.
Unknown command.
It was a potion of might.
You feel very mighty all of a sudden.
You are too injured to fight recklessly!
Attack whom?
Aim: Sigmund, wielding a +0 scythe and wearing a +2 robe of positive energy The giant cockroach is in the way.
You hit the giant cockroach!
You kill the giant cockroach!
You have reached level 3!
Your experience leads to a dramatic increase in your attributes!
Your base attributes are Str 14, Int 17, Dex 15.
Increase (S)trength, (I)ntelligence, or (D)exterity?
You feel stronger. x2
Sigmund closely misses you.
A kobold comes into view.
You regained 3 hp, and now have 17/29 hp.
You now have 5/8 mp.
Attack whom?
Aim: Sigmund, wielding a +0 scythe and wearing a +2 robe of positive energy You reach to attack!
The kobold shouts!
You hit Sigmund.
Sigmund hits you from afar with a +0 scythe!
* * * LOW HITPOINT WARNING * * *
You take 11 damage, and have 6/29 hp.
MASSIVE DAMAGE!!
Attack whom?
Aim: Sigmund, wielding a +0 scythe and wearing a +2 robe of positive energy (lightly wounded)
You reach to attack!
You puncture Sigmund!
You now have 4/8 mp.
Attack whom?
Aim: Sigmund, wielding a +0 scythe and wearing a +2 robe of positive energy (heavily wounded)
You reach to attack!
You puncture Sigmund! Sigmund completely misses you.
You now have 3/8 mp.
Attack whom?
Aim: Sigmund, wielding a +0 scythe and wearing a +2 robe of positive energy (almost dead)
You reach to attack!
You completely miss Sigmund. The kobold barely misses you.
Sigmund casts a spell.
Sigmund flickers and vanishes!
Deactivating autopickup; reactivate with Ctrl-A.
Attack whom?
You reach to attack!
You miss something.
You are feeling hungry.
The kobold barely misses you. Something hits you!
You die...

.. #.# .. #.
#.### {..
####K####.#
#...@.....#
#.###.##....
#.#....# .
#.#รท##.#
#......#.... #
###.#.......
#.###.#.......
#.....#.....#
####..#...).#


You could see a kobold.

Vanquished Creatures
  An adder (D:2)
  2 dart slugs (D:1)
  A giant cockroach (D:2)
  3 hobgoblins (D:1)
  A kobold (D:1)
  2 bats
  A frilled lizard (D:1)
  13 rats (D:1)
24 creatures vanquished.

Notes
Turn   | Place    | Note
-------+----------+-------------------------------------------
     0 | D:1      | mhoghedin the Demigod Skald began the quest for the Orb.
     0 | D:1      | Reached XP level 1. HP: 17/17 MP: 5/5
     8 | D:1      | Reached skill level 1 in Armour
   107 | D:1      | Reached skill level 2 in Dodging
   109 | D:1      | Reached skill level 2 in Fighting
   115 | D:1      | Reached skill level 2 in Polearms
   136 | D:1      | Reached XP level 2. HP: 24/24 MP: 1/7
   830 | D:2      | Learned a level 2 spell: Song of Slaying
   999 | D:2      | Noticed Sigmund
  1004 | D:2      | Reached XP level 3. HP: 17/29 MP: 5/8
  1005 | D:2      | HP: 6/29 [Sigmund/+0 scythe (11)]
  1009 | D:2      | Slain by Sigmund

Levels and vault maps discovered:
D:1:      erik_arrival_orb_chamber, layout_loops_ring
D:2:      layout_basic, lightli_temple_of_fire,
          yredelemnul_forgotten_temple_becter, uniq_crazy_yiuf_cottage,
          uniq_sigmund

Skill      XL: |  1 |
---------------+----+-----
Armour         | 1 |  1.4
Dodging        | 2 |  2.2
Fighting       | 2 |  2.3
Polearms       | 2 |  2.2
Spellcasting   | |  1.7
Charms         | |  2.6

Action                   || total
-------------------------++-------
Melee: Spear             ||    78
 Cast: Infusion          ||     7
  Use: Potion            ||     2
Armor: Leather armour    ||    12
Dodge: Dodged            ||    29

Table legend:
 A = Non-vault XP
 B = Vault XP
 C = Vault XP percentage of total XP
 D = Non-vault monster count
 E = Vault monster count
 F = Vault count percentage of total count
                 A         B        C        D         E       F
            +---------+---------+-------+---------+---------+-------
      Total |      37 |      12 |  24.5 |      12 |      12 |  50.0
            +---------+---------+-------+---------+---------+-------
        D:1 |      19 |      12 |  38.7 |       9 |      12 |  57.1
        D:2 |      18 |       0 |   0.0 |       3 |       0 |   0.0
            +---------+---------+-------+---------+---------+-------

Levels and vault maps discovered:
D:1:      erik_arrival_orb_chamber, layout_loops_ring
D:2:      layout_basic, lightli_temple_of_fire,
          yredelemnul_forgotten_temple_becter, uniq_crazy_yiuf_cottage,
          uniq_sigmund

Table legend:
 A = Turns spent in this place as a percentage of turns spent in the entire game.
 B = Non-inter-level travel turns spent in this place as a percentage of non-inter-level travel turns spent in the entire game.
 C = Inter-level travel turns spent in this place as a percentage of turns spent in this place.
 D = Turns resting spent in this place as a percentage of non-inter-level travel turns spent in this place.
 E = Turns spent auto-exploring this place as a percentage of non-inter-level travel turns spent in this place.
 F = Non-inter-level travel turns spent in this place divided by the number of levels of this place that you've seen.
                   A       B       C       D       E      F
               +-------+-------+-------+-------+-------+----------------------
         Total | 100.0 | 100.0 |   4.8 |  37.8 |  47.6 | 480.5
       Dungeon | 100.0 | 100.0 |   4.8 |  37.8 |  47.6 | 480.5
               +-------+-------+-------+-------+-------+----------------------

Table legend:
 A = Kills in this place as a percentage of kills in entire the game.
 B = Kills by you in this place as a percentage of kills by you in the entire game.
 C = Kills by friends in this place as a percentage of kills by friends in the entire game.
 D = Other kills in this place as a percentage of other kills in the entire game.
 E = Experience gained in this place as a percentage of experience gained in the entire game.
 F = Experience gained in this place divided by the number of levels of this place that you have seen.
                   A       B       C       D       E      F
               +-------+-------+-------+-------+-------+----------------------
         Total | 100.0 | 100.0 |   N/A |   N/A | 100.0 |  24.5
       Dungeon | 100.0 | 100.0 |   N/A |   N/A | 100.0 |  24.5
               +-------+-------+-------+-------+-------+----------------------
